 Dungeon Crawl Stone Soup version 0.28-a0-268-g3f656e82c2 (webtiles) character file.

Game seed: 8214083412854306350

11104 theanonym the Basher (level 11, -2/82 HPs)
             Began as a Mummy Delver on Aug 29, 2021.
             Was a High Priest of Hepliaklqana.
             Slain by a polar bear simulacrum (3 damage)
             ... in an ice cave.
             The game lasted 00:20:55 (12240 turns).

theanonym the Basher (Mummy Delver)                Turns: 12240, Time: 00:20:56

Health: -2/82      AC: 16    Str: 17    XL:     11   Next: 44%
Magic:  11/11      EV:  5    Int: 13    God:    Hepliaklqana [*****.]
Gold:   631        SH:  6    Dex: 14    Spells: 10/10 levels left

rFire   + . .      SeeInvis .   a - +0 flail
rCold   + + +      Faith    .   x - +2 buckler
rNeg    + + +      Spirit   .   q - +2 plate armour of Sharp the Good {rF++ rC+ rN+ Str-2}
rPois   ∞          Reflect  .   (no helmet)
rElec   .          Harm     .   h - +0 cloak
rCorr   .          Rampage  .   v - +1 pair of gloves
Will    +....                   (no boots)
Stlth   ..........              e - amulet of regeneration
HPRegen 1.23/turn               n - ring of ice
MPRegen 0.12/turn               i - ring "Okkeap" {rF+ rC+ rN+ Int+4}

@: no status effects
A: reduced essence, cold resistance 1, negative energy resistance 3, torment
resistance 2, heat vulnerability 1, no potions
a: Renounce Religion, Recall Ancestor, Ancestor Identity, Transference, Idealise


Innate Abilities, Weirdness & Mutations

Your life essence is reduced to manifest your ancestor. (-10% HP)
You are immune to poison.
Your flesh is cold resistant. (rC+)
You are immune to negative energy. (rN+++)
You are immune to unholy pain and torment.
You are vulnerable to heat. (rF-)
You do not drink.


   Skills:
 + Level 10.6 Fighting
 * Level 12.1 Maces & Flails
 - Level 2.4 Armour
 - Level 1.5 Dodging
 - Level 4.1 Stealth
 + Level 2.2 Shields


You had 10 spell levels left.
You didn't know any spells.
Your spell library contained the following spells:

 Spells                   Type           Power      Damage    Failure   Level
 Slow                     Hex            0%         N/A       100%        2
 Call Canine Familiar     Summ           0%         N/A       100%        3
 Confusing Touch          Hex            0%         N/A       100%        3
 Inner Flame              Hex/Fire       0%         N/A       100%        3
 Portal Projectile        Hex/Tloc       0%         N/A       100%        3
 Vampiric Draining        Necr           0%         2d6       100%        3
 Animate Armour           Summ/Erth      0%         N/A       100%        4
 Cause Fear               Hex            0%         N/A       100%        4
 Leda's Liquefaction      Hex/Erth       0%         N/A       100%        4
 Yara's Violent Unravell  Hex/Tmut       0%         3d3       100%        5
 Iron Shot                Conj/Erth      0%         9d1       100%        6
 Discord                  Hex            0%         N/A       100%        8
 Blade Hands              Tmut           Unusable   N/A       N/A         5

Skill      XL: |  1  2  3  4  5  6  7  8  9 10 11 |
---------------+----------------------------------+-----
Maces & Flails | 2 3 4 5 7 8 10 11 12 | 12.1
Fighting       | 4 5 6 7 8 10 | 10.6
Armour         | 2 |  2.4
Shields        | 2 |  2.2
Dodging        | |  1.5
Stealth        | |  4.1

Action                   |  1- 3 |  4- 6 |  7- 9 | 10-12 || total
-------------------------+-------+-------+-------+-------++-------
Melee: Mace              |   108 |       |       |       ||   108
       Flail             |       |    71 |   127 |   353 ||   551
       Whip              |       |   101 |   139 |       ||   240
Invok: Ancestor Identity |     2 |       |       |       ||     2
       Ancestor Life: Kn |       |     1 |       |       ||     1
       Recall Ancestor   |       |       |     1 |     5 ||     6
Evoke: Wand              |     4 |     3 |     8 |    10 ||    25
  Use: Scroll            |     1 |       |     7 |     5 ||    13
 Stab: Sleeping          |    12 |       |       |       ||    12
       Distracted        |       |     1 |     2 |     3 ||     6
       Paralysed         |       |       |    20 |    18 ||    38
Armor: Leather armour    |    26 |       |       |       ||    26
       Chain mail        |       |    71 |    96 |       ||   167
       Scale mail        |       |     8 |       |       ||     8
       Plate armour      |       |       |     3 |   214 ||   217
Dodge: Dodged            |    69 |    55 |    67 |    75 ||   266
Block: Buckler           |       |       |       |    38 ||    38

Inventory:

Hand Weapons
 a - a +0 flail (weapon)
Armour
 h - a +0 cloak (worn)
 q - the +2 plate armour of Sharp the Good (worn) {rF++ rC+ rN+ Str-2}

   Str:       It affects your strength (-2).
   rF:        It greatly protects you from fire.
   rC:        It protects you from cold.
   rN:        It protects you from negative energy.
 v - a +1 pair of gloves (worn)
 x - a +2 buckler (worn)
Jewellery
 e - an amulet of regeneration (around neck)
 i - the ring "Okkeap" (right hand) {rF+ rC+ rN+ Int+4}

   [ring of positive energy]

   Int:       It affects your intelligence (+4).
   rF:        It protects you from fire.
   rC:        It protects you from cold.
   rN:        It protects you from negative energy.
 m - a ring of fire
 n - a ring of ice (left hand)
 o - a ring of protection from fire
 s - a ring of willpower
Wands
 c - a wand of digging (2)
 k - a wand of paralysis (6)
 w - a wand of flame (18)
Scrolls
 b - a scroll of fear
 d - 2 scrolls of silence
 f - a scroll of fog
 g - a scroll of brand weapon
 j - 2 scrolls of enchant weapon
 l - 2 scrolls of immolation
 p - a scroll of holy word
 r - a scroll of identify
 t - a scroll of teleportation
 u - 3 scrolls of noise
 y - a scroll of magic mapping You were in an ice cave. You worshipped Hepliaklqana. Hepliaklqana was extremely pleased with you. You visited 2 branches of the dungeon, and saw 11 of its levels. You also visited: Ice Cave. You collected 631 gold pieces.

Dungeon Overview and Level Annotations

Branches:
Dungeon (10/15)            Temple (0/1) D:4            Lair (1/6) D:8
  IceCv (1/1)
    Orc: D:9-12

Altars:
Ashenzari
Elyvilon
Hepliaklqana
Kikubaaqudgha
Qazlal
Sif Muna
Trog
Uskayaw
Vehumet
Wu Jian
Yredelemnul
The Shining One

Shops:
D:7 (   D:9 =

Annotations:
D:8 exclusion: door
D:9 3 runed translucent doors, bmj180's ghost, novice GnFi

........##
.........##
..........##
"..8.......#
.?.........#
©[$....∩.∩.#
.?.........#
?..8....Z○†#
.........@##
.........##
........##
##...####
####


You could see a polar bear simulacrum.

Notes
Turn   | Place    | Note
-------+----------+-------------------------------------------
     0 | D:5      | theanonym the Mummy Delver began the quest for the Orb.
     0 | D:5      | Reached XP level 1. HP: 18/18 MP: 1/1
   194 | D:4      | Reached skill level 2 in Maces & Flails
   212 | D:4      | Noticed a scorpion
   226 | D:4      | Found a hazy altar of Hepliaklqana.
   228 | D:4      | Found a radiant altar of Vehumet.
   236 | D:4      | Became a worshipper of Hepliaklqana the Forgotten
   257 | D:4      | Noticed a scorpion
   260 | D:4      | HP: 9/18 [scorpion (8)]
   412 | D:3      | Reached XP level 2. HP: 22/24 MP: 2/2
   650 | D:1      | Reached * piety under Hepliaklqana
   988 | D:1      | Reached XP level 3. HP: 26/26 MP: 3/3
  1042 | D:1      | HP: 13/26 [quokka (3)]
  1822 | D:2      | Found a faded altar of an unknown god.
  1965 | D:2      | HP: 7/26 [worm (9)]
  1969 | D:2      | Reached skill level 3 in Maces & Flails
  2327 | D:2      | Noticed Terence
  2335 | D:2      | HP: 13/27 [Terence (9)]
  2336 | D:2      | HP: 4/27 [Terence (9)]
  2339 | D:2      | Killed Terence
  2340 | D:2      | Reached XP level 4. HP: 5/33 MP: 4/4
  3023 | D:3      | Reached skill level 4 in Fighting
  3421 | D:3      | Reached ** piety under Hepliaklqana
  3422 | D:3      | Remembered your ancestor Yoba as a knight
  3471 | D:3      | Reached XP level 5. HP: 37/37 MP: 5/5
  4071 | D:4      | Noticed an ice beast
  4082 | D:4      | Killed an ice beast
  4083 | D:4      | Reached skill level 4 in Maces & Flails
  4103 | D:4      | Reached XP level 6. HP: 33/44 MP: 6/6
  4231 | D:4      | Found a staircase to the Ecumenical Temple.
  4333 | D:4      | Found a basalt altar of Yredelemnul.
  4333 | D:4      | Found a broken altar of Ashenzari.
  4372 | D:4      | Reached skill level 5 in Maces & Flails
  4382 | D:4      | HP: 17/45 [orc priest/divine providence (12)]
  4388 | D:4      | Reached skill level 5 in Fighting
  4778 | D:4      | Found an ancient bone altar of Kikubaaqudgha.
  4785 | D:4      | Found a shimmering blue altar of Sif Muna.
  4790 | D:4      | Found a stormy altar of Qazlal.
  5143 | D:5      | Reached XP level 7. HP: 41/50 MP: 7/7
  5285 | D:5      | Noticed Menkaure
  5292 | D:5      | HP: 23/50 [Menkaure (20)]
  5293 | D:5      | Killed Menkaure
  5498 | D:5      | Found an ornate altar of the Wu Jian Council.
  5609 | D:5      | You fall into a shaft and drop 3 floors!
  5625 | D:8      | Noticed a wyvern
  5626 | D:8      | Found a staircase to the Lair.
  5626 | D:8      | Noticed an elephant
  5637 | D:8      | Killed a wyvern
  5638 | D:8      | Reached skill level 6 in Maces & Flails
  5672 | D:8      | HP: 25/51 [black bear (6)]
  5872 | D:7      | Noticed Duvessa
  5872 | D:7      | Noticed Dowan
  5885 | D:6      | Reached skill level 6 in Fighting
  5987 | D:6      | HP: 24/52 [something (6)]
  5990 | D:6      | Killed an unseen horror
  5991 | D:6      | Reached skill level 7 in Maces & Flails
  5991 | D:6      | Reached XP level 8. HP: 27/58 MP: 8/8
  6019 | D:6      | HP: 26/58 [kobold brigand (4)]
  6273 | D:6      | HP: 28/58 [hound (5)]
  6280 | D:6      | HP: 23/58 [orc (4)]
  6677 | D:6      | HP: 20/58 [wyvern zombie (10)]
  6678 | D:6      | HP: 3/58 [wyvern zombie (11)]
  6688 | D:6      | Reached skill level 7 in Fighting
  7027 | D:5      | Reached *** piety under Hepliaklqana
  7312 | D:6      | HP: 25/60 [ogre (14)]
  7320 | D:6      | HP: 23/60 [bullfrog zombie (3)]
  7439 | D:6      | Reached skill level 8 in Maces & Flails
  7863 | D:7      | Noticed NigelTetley's ghost (novice MiFi)
  7871 | D:7      | Reached XP level 9. HP: 41/64 MP: 9/9
  7910 | D:7      | Found a runed translucent gate.
  7910 | D:7      | Found a runed translucent gate.
  7910 | D:7      | Found a runed translucent gate.
  7974 | D:7      | Noticed a cyclops
  7974 | D:7      | Noticed a gargoyle
  8002 | D:7      | Killed a gargoyle
  8007 | D:7      | Killed a cyclops
  8008 | D:7      | Reached skill level 8 in Fighting
  8008 | D:7      | Reached skill level 9 in Maces & Flails
  8117 | D:7      | Identified the +2 plate armour of Sharp the Good {rF++ rC+
                  | rN+ Str-2}
  8131 | D:7      | Killed Duvessa
  8138 | D:7      | Killed Dowan
  8282 | D:7      | Found Quohah's Antique Weapon Shoppe.
  8373 | D:7      | Reached **** piety under Hepliaklqana
  8596 | D:7      | Noticed a +0 dagger
  8597 | D:7      | Found a hide-covered altar of Uskayaw.
  8597 | D:7      | Noticed a +0 hand axe
  8639 | D:7      | HP: 32/67 [orc warrior (12)]
  9077 | D:7      | Killed NigelTetley's ghost
  9078 | D:7      | Reached skill level 10 in Maces & Flails
  9078 | D:7      | Reached XP level 10. HP: 73/73 MP: 10/10
  9094 | D:7      | Reached skill level 9 in Fighting
  9210 | D:8      | Identified the ring "Okkeap" {rF+ rC+ rN+ Int+4}
  9329 | D:8      | HP: 36/74 [wyvern (14)]
  9480 | D:8      | Killed an elephant
  9568 | D:8      | HP: 32/74 [acid (7)]
  9573 | D:8      | HP: 24/74 [acid (3)]
  9680 | D:8      | Noticed a moth of wrath
  9683 | D:8      | Found a bloodstained altar of Trog.
  9723 | D:8      | HP: 35/74 [moth of wrath (9)]
  9725 | D:8      | Killed a moth of wrath
 10199 | D:8      | Noticed Maggie
 10205 | D:8      | Killed Maggie
 10206 | D:8      | Reached skill level 11 in Maces & Flails
 10462 | D:9      | Reached ***** piety under Hepliaklqana
 10499 | D:9      | Found a runed translucent gate.
 10499 | D:9      | Found a runed translucent gate.
 10499 | D:9      | Found a runed translucent gate.
 10500 | D:9      | Noticed bmj180's ghost (novice GnFi)
 10562 | D:9      | Reached skill level 1 in Armour
 10610 | D:9      | Noticed a centaur warrior
 10618 | D:9      | HP: 31/76 [hornet (12)]
 10621 | D:9      | Killed a centaur warrior
 10622 | D:9      | Reached skill level 10 in Fighting
 10720 | D:9      | Reached skill level 2 in Armour
 10729 | D:9      | HP: 33/76 [yak (8)]
 10741 | D:9      | HP: 33/76 [hornet (8)]
 10749 | D:9      | Reached XP level 11. HP: 26/81 MP: 8/11
 10754 | D:9      | HP: 24/81 [yak (8)]
 10762 | D:9      | HP: 22/81 [yak (8)]
 10782 | D:8      | HP: 38/81 [yak (9)]
 10789 | D:8      | HP: 30/81 [yak (8)]
 10900 | D:9      | Found Nedohiry's Jewellery Boutique.
 11086 | D:9      | HP: 33/81 [yak (13)]
 11097 | D:9      | HP: 34/82 [yak (12)]
 11101 | D:9      | Reached skill level 1 in Shields
 11195 | D:10     | Entered Level 10 of the Dungeon
 11614 | D:10     | Identified the +0 ring mail of the Exiled Thickets {rPois}
 11638 | D:10     | Found the +7 lajatang of Order {silver, rMut}
 11745 | D:10     | Reached skill level 12 in Maces & Flails
 11745 | D:10     | Reached skill level 2 in Shields
 12180 | Lair:1   | Entered Level 1 of the Lair of Beasts
 12202 | Lair:1   | Found a frozen archway.
 12211 | IceCv    | Entered an ice cave
 12211 | IceCv    | Noticed a white ugly thing
 12223 | IceCv    | HP: 39/82 [cane toad simulacrum (7)]
 12226 | IceCv    | HP: 12/82 [cane toad simulacrum (12)]
 12226 | IceCv    | HP: 4/82 [polar bear simulacrum (2)]
 12233 | IceCv    | HP: 10/82 [polar bear simulacrum (1)]
 12236 | IceCv    | Killed a white ugly thing
 12240 | IceCv    | HP: 1/82 [polar bear simulacrum (11)]
 12240 | IceCv    | Slain by a polar bear simulacrum

Vanquished Creatures
  A centaur warrior (D:9)
  An ugly thing (IceCv)
  A cyclops (D:7)
  A gargoyle (D:7)
  A slime creature (D:8)
  11 yaks
  A shadow (D:9)
  A wyvern (D:8)
  A wraith (D:10)
  Duvessa (D:7)
  An orc warrior (D:7)
  3 ice beasts
  2 black bears
  An ogre (D:6)
  A centaur (D:9)
  2 kobold brigands
  3 bullfrogs
  A cane toad simulacrum (IceCv)
  Dowan (D:7)
  A wight (D:7)
  4 bullfrog zombies
  4 centaur zombies
  A jelly (D:8)
  2 orc priests
  A wyvern simulacrum (D:7)
  A bullfrog skeleton (D:6)
  3 hounds
  An orc wizard (D:7)
  An iguana (D:7)
  A wolf simulacrum (IceCv)
  2 howler monkey zombies
  A howler monkey skeleton (D:6)
  5 adders
  A shadow imp (D:7)
  A white imp (D:7)
  An ufetubus (D:5)
  An adder zombie (D:5)
  6 worms
  3 dart slugs
  16 orcs
  7 ball pythons
  8 bats (D:1)
  16 endoplasms
  2 giant cockroaches
  7 goblins
  8 hobgoblins
  3 jackals (D:3)
  7 kobolds
  8 quokkas
  4 frilled lizards
  A rat (D:1)
163 creatures vanquished.

Vanquished Creatures (collateral kills)
  The ghost of NigelTetley the Shield-Bearer, a novice MiFi of the Shining One (D:7)
  A moth of wrath (D:8)
  An elephant (D:8)
  Maggie (D:8)
  An unseen horror (D:6)
  2 hornets (D:9)
  4 yaks (D:9)
  A wyvern (D:8)
  Menkaure (D:5)
  2 black bears
  2 ice beasts (D:7)
  A centaur (D:10)
  A kobold brigand (D:10)
  A bullfrog (D:7)
  3 wyvern zombies
  2 scorpions (D:4)
  A water moccasin zombie (D:6)
  A hornet simulacrum (D:7)
  A howler monkey (D:9)
  A bullfrog zombie (D:6)
  6 jellies
  A hound (D:7)
  2 orc priests
  3 bullfrog skeletons
  2 orc wizards
  Terence (D:2)
  A polar bear simulacrum (IceCv)
  A centaur simulacrum (D:7)
  2 adders (D:3)
  2 white imps (D:7)
  2 worms
  5 orcs
  A ball python (D:2)
  A bat (D:1)
  6 endoplasms
  A goblin (D:1)
  A hobgoblin (D:4)
  A jackal (D:3)
  6 kobolds
  4 frilled lizards (D:1)
  3 rats
81 creatures vanquished.

Vanquished Creatures (others)
  2 knights
  5 fungi (D:8)
  A withered plant (D:6)
8 creatures vanquished.

Grand Total: 252 creatures vanquished

Table legend: (Time is in decaauts)
 A = Elapsed time spent in this place.
 B = Non-inter-level travel time spent in this place.
 C = Inter-level travel time spent in this place.
 D = Time resting spent in this place.
 E = Time spent auto-exploring this place.
 F = Levels seen in this place.
 G = Mean time per level.
                   A        B        C        D        E       F      G
               +--------+--------+--------+--------+--------+-----+--------+
         Total |  12186 |  11523 |    663 |   3493 |   6070 |  12 | 1015.5 |
       Dungeon |  12130 |  11495 |    635 |   3493 |   6070 |  10 | 1213.0 |
          Lair |     30 |      2 |     28 |      0 |      0 |   1 |   30.0 |
      Ice Cave |     25 |     25 |      0 |      0 |      0 |   1 |   25.0 |
               +--------+--------+--------+--------+--------+-----+--------+

Top non-repeatable levels by time:
     D:6: 1731 daAuts
     D:8: 1502 daAuts
     D:7: 1376 daAuts
     D:3: 1308 daAuts
     D:2: 1276 daAuts
     D:1: 1232 daAuts
     D:5: 1079 daAuts
     D:4: 946 daAuts
    D:10: 936 daAuts
     D:9: 739 daAuts
  Lair:1: 30 daAuts
   IceCv: 25 daAuts
